AoeStats
← Malik Bhai

Four Lakes

508212479Analyzed
1v1 RM · 12d ago on Sep 21, 2026· 29m 39s· 2 players
Game mode
Random Map
Map size
Tiny (2 player)
Population
200
Speed
Normal
Resources
Standard
Victory
Conquest
Starting age
Dark Age
Ending age
Imperial Age
RankedLock teamsTeams togetherTeam positionsShared explorationLock speedFull tech treeHidden civsTurbo modeCheats
Victory
Defeat
🇻🇳 Japanese · Vietnam
1899
+8
🇵🇰 Byzantines · Pakistan
1719
-8
NU Apartment
7:00 Loom
9:41 Feudal Age
10:10 Double-Bit Axe
15:37 Fletching
17:59 Fishing Lines
20:57 Castle Age
20:30 Scale Barding Armor
22:16 Medium Warships
22:39 Bodkin Arrow
23:34 Husbandry
24:13 Bow Saw
24:01 Horse Collar
25:15 Padded Archer Armor
26:13 Guard Tower
27:38 Yasama
29:12 Gold Mining
30:05 Heavy Plow
Malik Bhai
7:10 Loom
10:09 Feudal Age
19:02 Castle Age
17:45 Double-Bit Axe
17:41 Horse Collar
19:57 Medium Warships
25:55 Fletching
26:32 Bodkin Arrow
Connection lost

Rejoining the realm…

Still unreachable

The connection could not be restored.

Session expired

The server has moved on; the page needs a fresh start.